 Dungeon Crawl Stone Soup version 0.30-a0-1050-g2766ea1e55 (webtiles) character file.

Game seed: 4927906379217691285

126 MacCMillion the Shooter (level 4, -1/36 HPs)
             Began as a Demigod Hunter on Apr 11, 2023.
             Killed from afar by Sigmund (3 damage)
             ... with a puff of flame
             ... on level 3 of the Dungeon.
             The game lasted 00:02:51 (2481 turns).

MacCMillion the Shooter (Demigod Hunter)            Turns: 2481, Time: 00:02:52

Health: -1/36      AC:  4    Str: 12    XL:     4   Next: 54%
Magic:  6/6        EV: 12    Int: 11    God:
Gold:   194        SH:  0    Dex: 21    Spells: 3/3 levels left

rFire   + + .      SeeInvis .    a - +0 shortbow
rCold   . . .      Faith    .    (shield currently unavailable)
rNeg    . . .      Spirit   .    m - +2 robe {rF+}
rPois   .          Reflect  .    (no helmet)
rElec   .          Rampage  .    (no cloak)
rCorr   .                        (no gloves)
Will    .....                    (no boots)
Stlth   ++                       (no amulet)
HPRegen 0.26/turn                l - ring of protection from fire
MPRegen 0.10/turn                (no ring)

@: no status effects
A: high MP 1, forlorn, divine attributes
a: no special abilities


You were on level 3 of the Dungeon.
You visited 1 branch of the dungeon, and saw 3 of its levels.

You collected 194 gold pieces.

Inventory:

Hand Weapons
 a - a +0 shortbow (weapon)
Armour
 c - a +0 leather armour
 m - a +2 robe of fire resistance (worn)
Jewellery
 l - a ring of protection from fire (left hand)
Wands
 k - a wand of polymorph (4)
Scrolls
 b - a scroll of immolation
 d - 4 scrolls of identify {unknown}
 e - a scroll of magic mapping {unknown}
 f - a scroll of amnesia {unknown}
 g - 3 scrolls of teleportation {unknown}
 i - a scroll of fog {unknown}
 n - a scroll of vulnerability {unknown}
 p - a scroll of noise {unknown}
Potions
 h - 2 potions of invisibility
 j - 2 potions of mutation {unknown}
 o - a potion of attraction {unknown}


   Skills:
 - Level 1.7 Fighting
 + Level 5.4 Ranged Weapons
 - Level 1.7 Dodging
 - Level 2.0 Stealth


You had 3 spell levels left.
You didn't know any spells.
Your spell library was empty.

Dungeon Overview and Level Annotations

Branches:
Dungeon (3/15)

Annotations:
D:2 1 runed translucent door, Crazy Yiuf
D:3 Sigmund


Innate Abilities, Weirdness & Mutations

You have an increased reservoir of magic. (+10% MP)
You shall have no god before yourself.
Your divine heritage dramatically boosts your attributes as you level up.


Message History

You shoot an arrow. Something hits you.
You are too injured to fight recklessly!
You are too injured to fight recklessly!
You are too injured to fight recklessly!
You are too injured to fight recklessly!
Fire: a) +0 shortbow
Press: ? - help, Q - select action, (/) - cycle Shift-Dir - straight line You shoot an arrow.
Something hits you!
* * * LOW HITPOINT WARNING * * *
Fire: a) +0 shortbow
Press: ? - help, Q - select action, (/) - cycle Shift-Dir - straight line You shoot an arrow.
Something hits you but does no damage.
Fire: a) +0 shortbow
Press: ? - help, Q - select action, (/) - cycle Shift-Dir - straight line You shoot an arrow.
Something hits you.
* * * LOW HITPOINT WARNING * * *
Fire: a) +0 shortbow
Press: ? - help, Q - select action, (/) - cycle Shift-Dir - straight line You shoot an arrow.
Fire: a) +0 shortbow
Press: ? - help, Q - select action, (/) - cycle Shift-Dir - straight line You shoot an arrow.
You hear a zap.
A puff of flame appears from out of thin air!
The puff of flame hits you. You resist.
* * * LOW HITPOINT WARNING * * *
You hear a zap.
A puff of flame appears from out of thin air!
The puff of flame hits you. You resist.
* * * LOW HITPOINT WARNING * * *
Fire: a) +0 shortbow
Press: ? - help, Q - select action, (/) - cycle Shift-Dir - straight line You shoot an arrow.
You hear a zap.
A puff of flame appears from out of thin air!
The puff of flame hits you. You resist.
You die...

... #.. ##...##
...##.# ###...##
#....# ###....##
....####.....##
######+##.........##
.........#......###
.........#....###
...........####
......†@.###
.......†......#
......†{.###..#
.........# .
.........#
..!......#
.........#
.........#


There were no monsters in sight!

Vanquished Creatures
  Terence (D:2)
  An adder (D:3)
  2 worms
  3 orcs
  8 ball pythons
  5 bats
  5 endoplasms
  7 giant cockroaches
  6 goblins
  10 hobgoblins
  9 quokkas
  A frilled lizard (D:2)
  A kobold (D:1)
  11 rats
70 creatures vanquished.

Vanquished Creatures (others)
  2 fungi (D:2)
  A plant (D:2)
3 creatures vanquished.

Grand Total: 73 creatures vanquished

Notes
Turn   | Place    | Note
-------+----------+-------------------------------------------
     0 | D:1      | MacCMillion the Demigod Hunter began the quest for the Orb.
     0 | D:1      | Reached XP level 1. HP: 17/17 MP: 3/3
    36 | D:1      | Reached skill level 1 in Stealth
   133 | D:1      | Reached XP level 2. HP: 19/24 MP: 4/4
   240 | D:1      | Reached skill level 4 in Ranged Weapons
   867 | D:2      | Reached XP level 3. HP: 29/29 MP: 5/5
  1210 | D:2      | Noticed Terence
  1219 | D:2      | Killed Terence
  1483 | D:2      | Found a runed translucent door.
  1484 | D:2      | Noticed Crazy Yiuf
  1576 | D:2      | Reached XP level 4. HP: 27/36 MP: 6/6
  1859 | D:2      | Reached skill level 5 in Ranged Weapons
  2463 | D:3      | Noticed Sigmund
  2481 | D:3      | Killed from afar by Sigmund

Illustrated notes

Levels and vault maps discovered:
D:1:      heliophobic_arrival_glass_houses, layout_loops_cross
D:2:      kennysheep_big_flooded_room, layout_rooms,
          dreamdust_ecumenical_altar_grove, hangedman_decor_points, st_stairs_6,
          minmay_unequal, uniq_crazy_yiuf_cottage, uniq_terence
D:3:      layout_basic, serial_curves, eino_curves_01, eino_curves_01,
          item_on_display_a, uniq_sigmund

Skill      XL: |  1  2  3  4 |
---------------+-------------+-----
Stealth        | 1 2 |  2.0
Ranged Weapons | 4 5 |  5.4
Fighting       | |  1.7
Dodging        | |  1.7

Action                     |  1- 3 |  4- 6 || total
---------------------------+-------+-------++-------
   Fire: Shortbow          |   104 |    75 ||   179
 Armour: Leather armour    |     9 |       ||     9
         Skin              |     2 |       ||     2
         Robe              |       |     3 ||     3
  Dodge: Dodged            |    23 |    13 ||    36

Table legend: (Time is in decaauts)
 A = Elapsed time spent in this place.
 B = Non-inter-level travel time spent in this place.
 C = Inter-level travel time spent in this place.
 D = Time resting spent in this place.
 E = Time spent auto-exploring this place.
 F = Levels seen in this place.
 G = Mean time per level.
                   A        B        C        D        E       F      G
               +--------+--------+--------+--------+--------+-----+--------+
         Total |   2535 |   2438 |     97 |    528 |   1565 |   3 |  845.0 |
       Dungeon |   2535 |   2438 |     97 |    528 |   1565 |   3 |  845.0 |
               +--------+--------+--------+--------+--------+-----+--------+

Top non-repeatable levels by time:
     D:2: 1190 daAuts
     D:1: 869 daAuts
     D:3: 476 daAuts
